 Dungeon Crawl Stone Soup version 0.18.1-48-g4cf74bf (webtiles) character file.

302 raph the Sneak (level 6, 0/40 HPs)
             Began as a Halfling Assassin on July 15, 2016.
             Splashed by a jelly's acid (2 damage)
             ... on level 6 of the Dungeon.
             The game lasted 00:05:41 (2382 turns).

raph the Sneak (Halfling Assassin)                  Turns: 2382, Time: 00:05:42

Health: 0/40       AC: -12   Str: 11    XL:     6   Next: 65%
Magic:  6/6        EV: 16    Int: 10    God:
Gold:   66         SH:  0    Dex: 18    Spells: 0 memorised, 5 levels left

rFire  . . .     SeeInvis .     a - +2 dagger
rCold  . . .     Gourm    .     c - +0 robe
rNeg   . . .     Faith    .     (shield restricted)
rPois  .         Spirit   .     h - +0 helmet
rElec  .         Dismiss  .     d - +0 cloak
rCorr  .         Reflect  .     (no gloves)
SustAt .         Harm     .     (no boots)
MR     .....                    p - amulet of rage
Stlth  ++++......               (no ring)
                                (no ring)

@: corroded, not resistant to hostile enchantments, stealthy
A: mutation resistance 1
a: Evoke Berserk Rage


You were on level 6 of the Dungeon.
You were not hungry.

You visited 1 branch of the dungeon, and saw 4 of its levels.

You collected 66 gold pieces.

Inventory:

Hand Weapons
 a - a +2 dagger (weapon)
 b - a +0 blowgun
Missiles
 e - 7 poisoned needles
 u - a curare-tipped needle
 y - 8 tomahawks (quivered)
Armour
 c - a +0 robe (worn)
 d - a +0 cloak (worn)
 h - a +0 helmet (worn)
Jewellery
 p - an amulet of rage (around neck)
Wands
 f - a wand of polymorph (11/24)
 o - a wand of disintegration (13/24)
Scrolls
 i - a scroll of magic mapping {unknown}
 j - a scroll of blinking {unknown}
 m - 2 scrolls of identify {unknown}
 n - a scroll of immolation {unknown}
 q - a scroll of fog {unknown}
 r - 3 scrolls of teleportation {unknown}
 s - a scroll of enchant armour {unknown}
 t - a scroll of remove curse {unknown}
Potions
 v - a potion of resistance {unknown}
 z - a potion of might
Comestibles
 g - 2 bread rations
 l - 2 slices of pizza
 w - 2 beef jerkies
 x - 3 fruits


   Skills:
 + Level 2.3 Fighting
 + Level 3.3 Short Blades
 + Level 2.5 Throwing
 + Level 3.2 Dodging
 + Level 7.2 Stealth
 + Level 0.2 Evocations


You had 5 spell levels left.
You didn't know any spells.

Dungeon Overview and Level Annotations

Branches:
Dungeon (3/15)

Altars:
Trog

Annotations:
D:3 Galewind's ghost, amateur MiFi


Innate Abilities, Weirdness & Mutations

You are small and have problems with some larger weapons.
You are somewhat resistant to further mutation.


Message History

The acid burns!
* * * LOW HITPOINT WARNING * * *
You hit the jelly but do no damage. The acid corrodes you!
Your hands burn!
* * * LOW HITPOINT WARNING * * *
The jelly is moderately wounded.
The jelly completely misses you.
You hit the jelly but do no damage.
Your hands burn!
* * * LOW HITPOINT WARNING * * *
The jelly is moderately wounded.
The jelly closely misses you.
Drink which item? (? for menu, Esc to quit)
You feel much better. The jelly closely misses you.
You hit the jelly but do no damage.
Your hands burn!
The jelly is moderately wounded.
The jelly hits you.
* * * LOW HITPOINT WARNING * * *
You are splashed with acid!
The acid burns!
* * * LOW HITPOINT WARNING * * *
You hit the jelly but do no damage.
Your hands burn!
You die...

#.#.....##.#+#+###.
#.###.##......... #
#.##.........
#.###.##.........
#......'......l..
#...#.##.........
+...#...).##+###
#.. #.....# #..
#....@# #. #....J#
#..........
..../..### [.......
##..... #.....
#.....


You could see a jelly.

Vanquished Creatures
  Eustachio (D:6)
  Natasha (twice) (D:3)
  Robin (D:3)
  4 adders
  An ooze (D:1)
  2 dart slugs
  3 giant geckos
  2 ball pythons
  5 bats
  13 goblins
  9 hobgoblins
  4 jackals (D:2)
  2 quokkas (D:2)
  3 giant newts (D:1)
  5 kobolds
  6 rats
63 creatures vanquished.

Notes
Turn   | Place    | Note
--------------------------------------------------------------
     0 | D:1      | raph the Halfling Assassin began the quest for the Orb.
     0 | D:1      | Reached XP level 1. HP: 14/14 MP: 1/1
    70 | D:1      | Reached XP level 2. HP: 17/19 MP: 2/2
   226 | D:1      | Reached skill level 5 in Stealth
   381 | D:1      | Reached XP level 3. HP: 23/24 MP: 3/3
   897 | D:2      | Found a bloodstained altar of Trog.
  1322 | D:2      | Reached XP level 4. HP: 29/29 MP: 4/4
  1438 | D:2      | Reached skill level 6 in Stealth
  1707 | D:3      | Noticed Natasha
  1712 | D:3      | Killed Natasha
  1725 | D:3      | Reached XP level 5. HP: 34/34 MP: 5/5
  1734 | D:3      | Noticed Natasha
  1752 | D:3      | Killed Natasha
  1883 | D:3      | Noticed Galewind's ghost (amateur MiFi)
  2016 | D:3      | Noticed Robin
  2073 | D:3      | Killed Robin
  2340 | D:3      | You fall through a shaft for 3 floors!
  2364 | D:6      | Noticed Eustachio
  2369 | D:6      | Killed Eustachio
  2369 | D:6      | Reached skill level 7 in Stealth
  2369 | D:6      | Reached XP level 6. HP: 37/40 MP: 6/6
  2379 | D:6      | HP: 1/40 [acid (3)]
  2382 | D:6      | Splashed by a jelly's acid

Skill      XL: |  1  2  3  4  5 |
---------------+----------------+-----
Stealth        | 5 6 7 |  7.2
Short Blades   | 3 |  3.3
Dodging        | 2 3 |  3.2
Fighting       | 2 |  2.3
Throwing       | |  2.5
Evocations     | |  0.2

Action                   |  1- 3 |  4- 6 || total
-------------------------+-------+-------++-------
Melee: Dagger            |    76 |    81 ||   157
 Fire: Blowgun           |       |     7 ||     7
 Abil: Evoke Berserk Rag |       |     1 ||     1
  Use: Potion            |       |     3 ||     3
 Stab: Sleeping          |    12 |     8 ||    20
       Distracted        |     2 |       ||     2
  Eat: Chunk             |     1 |     4 ||     5
Armor: Robe              |    14 |    17 ||    31
Dodge: Dodged            |    61 |    64 ||   125
